 Dungeon Crawl Stone Soup version 0.28.0 (webtiles) character file.

Game seed: 15467142141471947275

118 zazu2006 the Magician (level 5, -2/42 HPs)
             Began as a Naga Hedge Wizard on Feb 18, 2022.
             Slain by an orc (4 damage)
             ... on level 3 of the Dungeon.
             The game lasted 00:05:14 (3122 turns).

zazu2006 the Magician (Naga Hedge Wizard)           Turns: 3122, Time: 00:05:15

Health: -2/42      AC:  2    Str: 12    XL:     5   Next: 2%
Magic:  2/11       EV:  9    Int: 16    God:
Gold:   112        SH:  0    Dex: 11    Spells: 3/12 levels left

rFire   . . .      SeeInvis +   a - +0 dagger
rCold   . . .      Faith    .   (no shield)
rNeg    . . .      Spirit   .   b - +0 robe
rPois   +          Reflect  .   c - +0 hat
rElec   .          Harm     .   (no cloak)
rCorr   .          Rampage  .   (no gloves)
Will    .....                   (no barding)
Stlth   ++........              f - amulet of the acrobat
HPRegen 0.14/turn               (no ring)
MPRegen 0.12/turn               (no ring)

@: short of breath, on blink cooldown, very slow
A: AC +1, large, see invisible, deformed body, poison resistance, slowness 2,
spit poison 1, naga tail 1
a: Spit Poison


You were on level 3 of the Dungeon.
You visited 1 branch of the dungeon, and saw 3 of its levels.

You collected 112 gold pieces.

Inventory:

Hand Weapons
 a - a +0 dagger (weapon)
Missiles
 g - 4 datura-tipped darts
Armour
 b - a +0 robe (worn)
 c - a +0 hat (worn)
Jewellery
 f - an amulet of the acrobat (around neck)
Scrolls
 h - 3 scrolls of fog {unknown}
 i - a scroll of identify {unknown}
 k - 2 scrolls of enchant weapon {unknown}
 l - a scroll of immolation {unknown}
 n - a scroll of silence {unknown}
Potions
 d - a potion of attraction {unknown}
 e - 2 potions of curing {unknown}
 j - a potion of degeneration {unknown}
 m - a potion of ambrosia {unknown}


   Skills:
 + Level 0.1 Fighting
 + Level 1.6 Dodging
 + Level 3.9 Stealth
 + Level 4.2 Spellcasting
 + Level 2.2 Conjurations
 + Level 1.0 Summonings
 + Level 1.0 Translocations
 * Level 1.5 Poison Magic


You had 3 spell levels left.
You knew the following spells:

 Your Spells              Type           Power      Damage    Failure   Level
a - Magic Dart            Conj           40%        1d5       7%          1
b - Mephitic Cloud        Conj/Pois/Air  7%         N/A       30%         3
c - Conjure Flame         Conj/Fire      6%         6-21      30%         3
d - Blink                 Tloc           12%        N/A       17%         2

Your spell library contained the following spells:

 Spells                   Type           Power      Damage    Failure   Level
 Sting                    Tmut/Pois      20%        1d4       12%         1
 Slow                     Hex            12%        N/A       17%         1
 Call Imp                 Summ           6%         N/A       17%         2
 Poisonous Vapours        Pois/Air       10%        N/A       19%         2
 Sublimation of Blood     Necr           3%         N/A       26%         2
 Wereblood                Tmut           3%         N/A       26%         2
 Gell's Gravitas          Tloc           6%         N/A       32%         3
 Lesser Beckoning         Tloc           6%         N/A       32%         3
 Teleport Other           Tloc           6%         N/A       32%         3
 Olgreb's Toxic Radiance  Pois           8%         N/A       65%         4
 Summon Hydra             Summ           3%         N/A       100%        7


Dungeon Overview and Level Annotations

Branches:
Dungeon (3/15)

Altars:


Innate Abilities, Weirdness & Mutations

Your serpentine skin is tough. (AC +1)
You have supernaturally acute eyesight. (SInv)
Armour fits poorly on your strangely shaped body.
Your system is resistant to poisons. (rPois)
You cover ground very slowly.
You can spit poison.
You have a snake-like lower body.


Message History

a +0 short sword; a +0 leather armour; an orc corpse
Casting: Magic Dart (safe; 7% risk of failure)
Confirm with . or Enter, or press ? or * to list all spells.
Aiming: Magic Dart (safe; 7% risk of failure)
Press: ? - help, Shift-Dir - straight line, f - orc
Aim: an orc, wielding a +0 hand axe (100% to hit)
The magic dart hits the orc.
The orc is heavily wounded.
You have got your breath back.
The orc hits you with a +0 hand axe.
* * * LOW HITPOINT WARNING * * *
Casting: Magic Dart (safe; 7% risk of failure)
Confirm with . or Enter, or press ? or * to list all spells.
Okay, then.
Aiming: Spit Poison (1% risk of failure)
Press: ? - help, Shift-Dir - straight line, f/p - orc
Aim: an orc, wielding a +0 hand axe (heavily wounded, 59% to hit)
The splash of poison misses the orc.
The orc hits you with a +0 hand axe.
* * * LOW HITPOINT WARNING * * *
Unknown command.
Casting: Magic Dart (safe; 7% risk of failure)
Confirm with . or Enter, or press ? or * to list all spells.
You blink.
You have got your breath back.
You feel stable enough to blink again.
There is a stone staircase leading up here.
Casting: Blink (safe; 17% risk of failure)
Confirm with . or Enter, or press ? or * to list all spells.
Okay, then.
Aiming: Spit Poison (1% risk of failure)
Press: ? - help, Shift-Dir - straight line, f/p - orc
Aim: an orc, wielding a +0 hand axe (heavily wounded, 59% to hit)
The splash of poison misses the orc.
The orc hits you with a +0 hand axe.
* * * LOW HITPOINT WARNING * * *
Unknown command.
Unknown command.
Casting: Blink (safe; 17% risk of failure)
Confirm with . or Enter, or press ? or * to list all spells.
You blink.
The orc hits you with a +0 hand axe.
You die...

......# .....#
....# .....
....#######
#.#.#.....#
#.#.#.###.#
#.#.@o§...#
..#.###.#.#######
.................
.##.##)#.#######
#.#.# #†#.#
#..)..!#.#
#..)...#.#
#......#..


You could see an orc.

Vanquished Creatures
  An orc priest (D:3)
  3 adders (D:2)
  2 dart slugs (D:1)
  An orc (D:3)
  A ball python (D:1)
  5 endoplasms
  A giant cockroach (D:1)
  5 goblins
  4 hobgoblins (D:1)
  4 jackals
  9 kobolds
  4 quokkas
  3 bats
  A frilled lizard (D:1)
  7 rats
51 creatures vanquished.

Vanquished Creatures (collateral kills)
  A hobgoblin (D:1)
1 creature vanquished.

Vanquished Creatures (others)
  A jackal (D:1)
1 creature vanquished.

Grand Total: 53 creatures vanquished

Notes
Turn   | Place    | Note
-------+----------+-------------------------------------------
     0 | D:1      | zazu2006 the Naga Hedge Wizard began the quest for the Orb.
     0 | D:1      | Reached XP level 1. HP: 15/15 MP: 4/4
   417 | D:1      | Reached XP level 2. HP: 16/22 MP: 0/6
   959 | D:1      | Reached XP level 3. HP: 28/28 MP: 6/8
   963 | D:1      | Learned a level 3 spell: Mephitic Cloud
   967 | D:1      | Learned a level 3 spell: Conjure Flame
   970 | D:1      | Learned a level 2 spell: Blink
  1976 | D:2      | Reached skill level 4 in Spellcasting
  2110 | D:2      | Reached XP level 4. HP: 27/36 MP: 6/10
  2372 | D:2      | Found a faded altar of an unknown god.
  2687 | D:2      | Reached skill level 1 in Poison Magic
  3106 | D:3      | Reached XP level 5. HP: 42/42 MP: 5/11
  3121 | D:3      | HP: 2/42 [orc (6)]
  3122 | D:3      | Slain by an orc

Illustrated notes

Levels and vault maps discovered:
D:1:      nzn_arrival_settlement, layout_basic
D:2:      layout_basic, ebering_ecumenical_altar_sacrificial, minmay_bisected
D:3:      layout_basic, nemelex_xobeh_ov_fountains_minmay,
          chequers_serial_rivers_micro_a, uniq_grinder

Skill      XL: |  1  2  3  4 |
---------------+-------------+-----
Spellcasting   | 4 |  4.2
Poison Magic   | 1 |  1.5
Conjurations   | 2 |  2.2
Fighting       | |  0.1
Dodging        | |  1.6
Stealth        | |  3.9
Summonings     | |  1.0
Translocations | |  1.0

Action                   |  1- 3 |  4- 6 || total
-------------------------+-------+-------++-------
Melee: Dagger            |    13 |    12 ||    25
       Punch             |       |     1 ||     1
Throw: Dart              |     1 |       ||     1
 Cast: Magic Dart        |    89 |    45 ||   134
       Blink             |       |     2 ||     2
 Abil: Spit Poison       |    17 |     9 ||    26
Armor: Robe              |     3 |     4 ||     7
Dodge: Dodged            |    13 |    21 ||    34
